AoeStats
← Runxi24

Arabia

510050697Analyzed
1v1 RM · 2d ago on Sep 29, 2026· 42m 22s· 2 players
Game mode
Random Map
Map size
Tiny (2 player)
Population
200
Speed
Normal
Resources
Standard
Victory
Conquest
Starting age
Dark Age
Ending age
Imperial Age
RankedLock teamsTeams togetherTeam positionsShared explorationLock speedFull tech treeHidden civsTurbo modeCheats
Victory
Defeat
🇪🇸 Poles · Spain
1066
+16
🇨🇳 Armenians · China
1070
-16
Runxi24
7:28 Loom
9:53 Feudal Age
11:22 Double-Bit Axe
16:10 Fletching
21:37 Castle Age
19:38 Horse Collar
20:30 Gold Mining
21:41 Crossbowman
22:19 Bodkin Arrow
23:56 Padded Archer Armor
24:46 Bow Saw
30:08 Bloodlines
31:04 Scale Barding Armor
32:20 Ballistics
33:35 Husbandry
35:07 Chain Barding Armor
37:10 Forging
39:49 Imperial Age
38:06 Szlachta Privileges
38:45 Town Watch
39:36 Wheelbarrow
39:48 Thumb Ring
40:03 Cavalier
42:50 Iron Casting
42:15 Bracer
grybr23
2:29 Loom
9:34 Feudal Age
10:44 Double-Bit Axe
13:13 Man-at-Arms
13:47 Arson
15:15 Horse Collar
15:22 Long Swordsman
16:05 Scale Mail Armor
23:09 Castle Age
23:08 Forging
23:44 Gambesons
23:21 Two-Handed Swordsman
25:56 Bow Saw
26:06 Chain Mail Armor
32:03 Heavy Plow
31:54 Pikeman
32:37 Squires
40:47 Imperial Age
Connection lost

Rejoining the realm…

Still unreachable

The connection could not be restored.

Session expired

The server has moved on; the page needs a fresh start.